 Dungeon Crawl Stone Soup version 0.31-a0-361-g0f8bd3a31e (webtiles) character file.

Game seed: 1011216151879536983

2618 Locuples the Cleaver (level 9, -2/74 HPs)
             Began as a Formicid Fighter on July 27, 2023.
             Was an Initiate of Dithmenos.
             Killed from afar by an electric eel (4 damage)
             ... with a bolt of electricity
             ... on level 8 of the Dungeon.
             The game lasted 00:12:07 (7015 turns).

Locuples the Cleaver (Formicid Fighter)             Turns: 7015, Time: 00:12:08

Health: -2/74      AC: 14    Str: 25    XL:     9   Next: 91%
Magic:  9/9        EV:  7    Int:  8    God:    Dithmenos [......]
Gold:   601        SH:  5    Dex: 13    Spells: 8/8 levels left

rFire   . . .        a - +0 war axe
rCold   . . .        c - +0 buckler
rNeg    . . .        f - +0 plate armour
rPois   .            (helmet unavailable)
rElec   .            (no cloak)
rCorr   .            g - +0 pair of gloves
SInv    +            (no boots)
Will    .....        (no amulet) Stlth
                     (no ring)
HPRegen 0.32/turn    (no ring)
MPRegen 0.11/turn

%: no passive effects
@: no status effects
A: permanent stasis, dig shafts and tunnels, antennae 3, four strong arms
a: Dig, Shaft Self, Renounce Religion


You were on level 8 of the Dungeon.
You worshipped Dithmenos.
Dithmenos was noncommittal.
You visited 2 branches of the dungeon, and saw 9 of its levels.
You also visited: Ossuary and Bailey.

You collected 601 gold pieces.

Inventory:

Hand Weapons
 a - a +0 war axe (weapon)
Armour
 c - a +0 buckler (worn)
 f - a +0 plate armour (worn)
 g - a +0 pair of gloves (worn)
Wands
 u - a wand of paralysis (7)
Scrolls
 b - a scroll of enchant armour {unknown}
 e - 2 scrolls of teleportation {unknown}
 j - 2 scrolls of brand weapon {unknown}
 k - 2 scrolls of blinking {unknown}
 n - a scroll of vulnerability {unknown}
 o - 2 scrolls of amnesia {unknown}
 r - a scroll of poison {unknown}
 s - 5 scrolls of enchant weapon {unknown}
 t - 5 scrolls of identify {unknown}
 y - a scroll of fear {unknown}
 z - a scroll of noise {unknown}
 A - a scroll of immolation {unknown}
Potions
 d - 5 potions of degeneration {unknown}
 h - 4 potions of curing
 i - a potion of invisibility {unknown}
 l - 2 potions of cancellation {unknown}
 m - a potion of resistance {unknown}
 p - 3 potions of enlightenment
 q - a potion of mutation {unknown}
 v - a potion of ambrosia {unknown}
 w - 2 potions of attraction {unknown}
 x - a potion of heal wounds {unknown}
 B - a potion of berserk rage {unknown}
 C - a potion of might


   Skills:
 * Level 7.9 Fighting
 + Level 8.8 Axes
 + Level 7.1 Armour
 + Level 6.2 Shields


You had 8 spell levels left.
You didn't know any spells.
Your spell library contained the following spells:

 Spells                   Type           Power      Damage    Failure   Level
 Freeze                   Ice            0%         1d3       99%         1
 Sandblast                Erth           0%         2d4       99%         1
 Summon Small Mammal      Summ           0%         N/A       99%         1
 Passwall                 Tmut/Erth      0%         N/A       100%        2
 Poisonous Vapours        Pois/Air       0%         N/A       100%        2
 Sublimation of Blood     Necr           0%         N/A       100%        2
 Wereblood                Tmut           0%         N/A       100%        2
 Call Canine Familiar     Summ           0%         N/A       100%        3
 Frozen Ramparts          Ice            0%         1d1       100%        3
 Hailstorm                Conj/Ice       0%         3d3       100%        3
 Mephitic Cloud           Conj/Pois/Air  0%         N/A       100%        3
 Portal Projectile        Hex/Tloc       0%         N/A       100%        3
 Stone Arrow              Conj/Erth      0%         3d7       100%        3
 Summon Guardian Golem    Hex/Summ       0%         N/A       100%        3
 Tukima's Dance           Hex            0%         N/A       100%        3
 Anguish                  Hex/Necr       0%         N/A       100%        4
 Cause Fear               Hex            0%         N/A       100%        4
 Iskenderun's Mystic Bla  Conj/Tloc      0%         2d3       100%        4
 Freezing Cloud           Conj/Ice/Air   0%         6-21      100%        5
 Enfeeble                 Hex            0%         N/A       100%        7
 Summon Hydra             Summ           0%         N/A       100%        7


Dungeon Overview and Level Annotations

Branches:
Dungeon (8/15)             Temple (1/1) D:7         Ossuary (visited)
 Bailey (visited)
   Lair: D:8-11

Altars:
Ashenzari
Cheibriados
Dithmenos
Elyvilon
Fedhas
Gozag
Hepliaklqana
Makhleb
Nemelex Xobeh
Okawaru
Qazlal
Ru
Sif Muna
Trog
Uskayaw
Vehumet
Wu Jian
Xom
Yredelemnul
Zin
The Shining One

Shops:
D:2 (*

Annotations:
D:3 1 runed translucent door, trueblamed's ghost, amateur VSBr
D:7 exclusion: statue


Innate Abilities, Weirdness & Mutations

You cannot be hasted, slowed, berserked, paralysed or teleported.
You can dig through walls and to a lower floor.
You have a pair of large antennae on your head. (SInv)
Your four strong arms can wield two-handed weapons with a shield.


Message History

The electric eel shoots out a bolt of lightning at you!
The bolt of electricity hits you!
The electric eel shoots out a bolt of lightning at you!
The bolt of electricity hits the electric eel.
The electric eel completely resists.
The bolt of electricity hits you.
You slash the electric eel!
The electric eel is severely wounded.
You barely miss the electric eel.
The electric eel is severely wounded.
The electric eel shoots out a bolt of lightning at you!
The bolt of electricity hits you!
You slice the electric eel!!
You kill the electric eel!
Dithmenos accepts your kill.
You hear a splash.
You enter the shallow water.
Moving in this stuff is going to be slow.
The electric eel shoots out a bolt of lightning at you!
The bolt of electricity hits you! The bolt of electricity misses you.
You see here an electric eel corpse.
You enter the shallow water.
Moving in this stuff is going to be slow.
The electric eel shoots out a bolt of lightning at you!
The bolt of electricity hits you! The bolt of electricity hits you.
The bolt of electricity hits the electric eel.
The electric eel completely resists.
You see here an electric eel corpse.
Your unstable footing causes you to fumble your attack.
The electric eel shoots out a bolt of lightning at you!
The bolt of electricity hits you.
* * * LOW HITPOINT WARNING * * *
The bolt of electricity hits you!
* * * LOW HITPOINT WARNING * * *
The bolt of electricity hits the electric eel.
The electric eel completely resists.
The electric eel shoots out a bolt of lightning at you!
The bolt of electricity hits you!
* * * LOW HITPOINT WARNING * * *
The bolt of electricity hits you.
You die...

..## ≈≈≈~≈# .#.##
~~≈≈# P##.## {
~~~~# ~.#..##
#~~~# ~~.~#.##
#~~~# [~≈≈~~~##
#~~~ #~≈≈#.~~#
#~S# ##.###.~##
##†# #...#....#
#####@##
.........###....##
.........'.'....#
.........#.'....#
.........###....#
#...#...~# #####.#
##.###~~~# #~#
#≈~~#~~.## ~# .~
≈~~.# { ~


You could see an electric eel.

Vanquished Creatures
  Grinder (D:3)
  Sigmund (D:3)
  A wyvern (D:8)
  A water moccasin (D:5)
  A sky beast (D:6)
  2 ice beasts
  2 black bears
  4 ogres
  A phantom (D:5)
  3 elf zombies (Ossuary)
  A scorpion (D:4)
  3 howler monkeys
  An electric eel (D:8)
  4 hounds
  3 orc priests
  A human zombie (Ossuary)
  2 jellies
  2 iguanas
  2 orc wizards
  Natasha (thrice) (D:3)
  A hound zombie (Ossuary)
  5 mummies
  6 adders
  A white imp (D:5)
  2 ufetubi
  3 adder zombies (Ossuary)
  2 worms
  23 orcs
  2 endoplasms (D:1)
  3 giant cockroaches
  10 goblins
  7 hobgoblins
  12 jackals
  3 kobolds
  8 ball pythons
  2 bats (D:1)
  3 frilled lizards
  A hobgoblin zombie (Ossuary)
  A jackal zombie (Ossuary)
  A kobold zombie (Ossuary)
  8 rats
  A rat zombie (Ossuary)
144 creatures vanquished.

Notes
Turn   | Place    | Note
-------+----------+-------------------------------------------
     0 | D:1      | Locuples the Formicid Fighter began the quest for the Orb.
     0 | D:1      | Reached XP level 1. HP: 18/18 MP: 1/1
   121 | D:1      | Reached XP level 2. HP: 18/24 MP: 2/2
   611 | D:1      | Reached XP level 3. HP: 30/30 MP: 3/3
   863 | D:2      | Found a burning altar of Makhleb.
   937 | D:2      | Found Wir Cuff's General Store.
  1088 | D:2      | Found Qieneucs's Antique Weapon Emporium.
  1516 | D:2      | Reached XP level 4. HP: 37/37 MP: 4/4
  1648 | D:2      | Reached skill level 3 in Axes
  1752 | D:3      | Noticed a +0 short sword
  1752 | D:3      | Noticed a +0 dagger
  1753 | D:3      | Noticed a +0 dagger
  1753 | D:3      | Noticed a +0 falchion
  1754 | D:3      | Noticed a +0 spear
  1755 | D:3      | Noticed a +0 spear
  1756 | D:3      | Noticed a +0 falchion
  1758 | D:3      | Noticed a +0 short sword
  1759 | D:3      | Found a hide-covered altar of Uskayaw.
  1908 | D:3      | Reached XP level 5. HP: 27/42 MP: 5/5
  2045 | D:3      | Noticed a black bear
  2063 | D:3      | Killed a black bear
  2064 | D:3      | Reached skill level 4 in Axes
  2064 | D:3      | Reached XP level 6. HP: 40/49 MP: 6/6
  2120 | D:3      | Noticed Natasha
  2138 | D:3      | Killed Natasha
  2195 | D:3      | Noticed Natasha
  2196 | D:3      | Noticed Grinder
  2218 | D:3      | Killed Natasha
  2221 | D:3      | Killed Grinder
  2222 | D:3      | Reached skill level 5 in Fighting
  2222 | D:3      | Reached skill level 5 in Axes
  2222 | D:3      | Reached skill level 5 in Shields
  2222 | D:3      | Reached XP level 7. HP: 46/56 MP: 7/7
  2320 | D:3      | Noticed Sigmund
  2339 | D:3      | Killed Sigmund
  2449 | D:3      | Found a runed translucent door.
  2450 | D:3      | Noticed trueblamed's ghost (amateur VSBr)
  2582 | D:3      | Noticed Natasha
  2587 | D:3      | Killed Natasha
  2588 | D:3      | Reached skill level 5 in Armour
  2697 | D:4      | Reached XP level 8. HP: 42/63 MP: 8/8
  2749 | D:4      | Reached skill level 6 in Axes
  2914 | D:4      | Found a sparkling altar of Nemelex Xobeh.
  3387 | D:4      | Found a blossoming altar of Fedhas.
  3942 | D:5      | Entered Level 5 of the Dungeon
  4319 | D:5      | Reached skill level 7 in Axes
  4591 | D:5      | Found a sand-covered staircase.
  4600 | Ossuary  | Entered an ossuary
  4610 | Ossuary  | Reached XP level 9. HP: 63/71 MP: 9/9
  5351 | D:6      | Reached skill level 8 in Axes
  5557 | D:6      | Found a basalt altar of Yredelemnul.
  5833 | D:6      | Found a glowing silver altar of Zin.
  5973 | D:7      | Found a radiant altar of Vehumet.
  6030 | D:7      | Found a flagged portal.
  6050 | Bailey   | Entered a bailey
  6068 | Bailey   | HP: 3/72 [ogre/+0 halberd (4)]
  6347 | D:7      | Found a staircase to the Ecumenical Temple.
  6367 | Temple   | Entered the Ecumenical Temple
  6382 | Temple   | Became a worshipper of Dithmenos the Shadowed
  6545 | D:7      | Found an ornate altar of the Wu Jian Council.
  7015 | D:8      | HP: 2/74 [electric eel/bolt of electricity (8)]
  7015 | D:8      | Killed from afar by an electric eel

Illustrated notes

Levels and vault maps discovered:
D:1:      lemuel_arrival_room, layout_loops_ring, minmay_quantized
D:2:      layout_loops_corners, serial_shops, nicolae_lakefront_shop, shop,
          basic_altar
D:3:      layout_basic, nicolae_uskayaw_en_pointe, gammafunk_ghost_grave,
          uniq_natasha, uniq_sigmund, uniq_grinder
D:4:      layout_layer_cave, nemelex_spade_bored_becter, kennysheep_mini_moat,
          kennysheep_doodads
D:5:      layout_basic, gup_ossuary_entry_pyramid, chequers_arboretum,
          lemuel_flamethrower_1
D:6:      layout_basic, zin_statuary, lemuel_tele_altar
D:7:      layout_loops_ring, vehumet_statue, pdpol_wu_jian_five_deadly_venoms,
          minmay_temple_entry_statues_fountains, enter_bailey_6
D:8:      wad_lake_hut, layout_basic, kiku_gazebo_garden_becter,
          gammafunk_ghost_necromancy, kennysheep_big_empty_room, uniq_joseph,
          uniq_pikel
Temple:   jpeg_temple_clearing

Skill      XL: |  1  2  3  4  5  6  7  8  9 |
---------------+----------------------------+-----
Fighting       | 4 5 6 7 |  7.9
Axes           | 3 4 5 7 8 |  8.8
Armour         | 4 5 6 7 |  7.1
Shields        | 5 6 |  6.2

Action                     |  1- 3 |  4- 6 |  7- 9 || total
---------------------------+-------+-------+-------++-------
  Melee: War axe           |    92 |    98 |   278 ||   468
    Use: Potion            |       |     3 |       ||     3
 Armour: Scale mail        |    11 |       |       ||    11
         Plate armour      |    55 |    86 |   189 ||   330
  Dodge: Dodged            |    25 |    44 |    82 ||   151
  Block: Buckler           |    22 |    33 |    78 ||   133

Table legend: (Time is in decaauts)
 A = Elapsed time spent in this place.
 B = Non-inter-level travel time spent in this place.
 C = Inter-level travel time spent in this place.
 D = Time resting spent in this place.
 E = Time spent auto-exploring this place.
 F = Levels seen in this place.
 G = Mean time per level.
                   A        B        C        D        E       F      G
               +--------+--------+--------+--------+--------+-----+--------+
         Total |   7141 |   7037 |    104 |    497 |   4874 |  11 |  649.2 |
       Dungeon |   6484 |   6394 |     90 |    198 |   4694 |   8 |  810.5 |
        Temple |     30 |     16 |     14 |      0 |      0 |   1 |   30.0 |
       Ossuary |    377 |    377 |      0 |     95 |    176 |   1 |  377.0 |
        Bailey |    249 |    249 |      0 |    204 |      4 |   1 |  249.0 |
               +--------+--------+--------+--------+--------+-----+--------+

Top non-repeatable levels by time:
     D:4: 1308 daAuts
     D:2: 1012 daAuts
     D:5: 958 daAuts
     D:3: 935 daAuts
     D:1: 781 daAuts
     D:7: 689 daAuts
     D:6: 678 daAuts
 Ossuary: 377 daAuts
  Bailey: 249 daAuts
     D:8: 121 daAuts
  Temple: 30 daAuts
